AoeStats
← Absolute Unit

Black Forest

509704240Analyzed
2v2 RM · 4d ago on Sep 27, 2026· 52m 24s· 4 players
Game mode
Random Map
Map size
Medium (4 player)
Population
200
Speed
Normal
Resources
Standard
Victory
Conquest
Starting age
Dark Age
Ending age
Imperial Age
RankedLock teamsTeams togetherTeam positionsShared explorationLock speedFull tech treeHidden civsTurbo modeCheats
Victory
Defeat
🇩🇰 Danes · Denmark
817
+16
🇩🇰 Danes · Denmark
777
+18
🇨🇱 Danes · Chile
830
-17
🇬🇧 Britons · United Kingdom
809
-17
Absolute Unit
8:52 Loom
11:11 Feudal Age
15:50 Castle Age
15:23 Stone Mining
15:20 Double-Bit Axe
15:19 Horse Collar
24:54 Wheelbarrow
25:42 Forging
25:53 Scale Mail Armor
26:00 Squires
25:45 Arson
27:55 Iron Casting
27:36 Chain Mail Armor
32:07 Imperial Age
31:14 Heavy Plow
31:12 Gold Mining
33:08 Hand Cart
34:11 Plate Mail Armor
34:42 Blast Furnace
36:28 Bow Saw
38:03 Onager
38:56 Siege Engineers
38:20 Northmen's Fury
39:38 Siege Onager
40:53 Elite Varangian Guard
41:22 Gambesons
42:06 Conscription
43:03 Ballistics
43:43 Chemistry
43:39 Capped Ram
Warren J. Peachy
0:35 Loom
10:55 Feudal Age
13:19 Horse Collar
20:40 Castle Age
19:56 Stone Mining
27:22 Gold Mining
29:25 Wheelbarrow
32:40 Imperial Age
34:50 Hand Cart
34:02 Elite Jomsviking
35:02 Forging
34:54 Scale Mail Armor
35:19 Hamask
36:27 Conscription
37:22 Gold Shaft Mining
36:43 Double-Bit Axe
38:23 Iron Casting
38:04 Chain Mail Armor
40:09 Onager
41:52 Blast Furnace
41:22 Plate Mail Armor
42:41 Bow Saw
43:31 Plate Mail Armor
44:45 Heavy Plow
45:14 Caravan
46:19 Siege Onager
CristianDior
15:21 Feudal Age
16:43 Wheelbarrow
15:54 Town Watch
15:59 Double-Bit Axe
16:07 Stone Mining
16:10 Gold Mining
21:26 Castle Age
21:01 Horse Collar
22:49 Hand Cart
22:40 Heavy Plow
22:53 Bow Saw
26:41 Padded Archer Armor
26:32 Fletching
31:40 Imperial Age
29:45 Leather Archer Armor
30:28 Fortified Wall
30:27 Town Patrol
32:17 Elite Longbowman
34:16 Bodkin Arrow
36:16 Chemistry
35:37 Ballistics
37:31 Ring Archer Armor
40:42 Bracer
nguerrah99
0:30 Loom
14:38 Feudal Age
15:36 Stone Mining
15:38 Gold Mining
15:37 Double-Bit Axe
15:39 Horse Collar
22:46 Castle Age
24:10 Wheelbarrow
23:38 Heavy Plow
23:51 Bow Saw
24:18 Gold Shaft Mining
24:20 Stone Shaft Mining
25:33 Caravan
26:23 Hand Cart
27:48 Fishing Lines
29:15 Gillnets
30:29 Arson
30:45 Squires
30:31 Gambesons
31:09 Fervor
35:53 Imperial Age
33:10 Town Watch
36:15 Forging
36:06 Scale Mail Armor
35:57 Fletching
39:09 Conscription
39:26 Hoardings
41:29 Chemistry
40:50 Ballistics
40:26 Murder Holes
40:34 Elite Varangian Guard
41:19 Heavy Scorpion
43:05 Capped Ram
43:07 Onager
44:36 Thumb Ring
43:52 Cranequins
43:52 Heavy Mounted Crossbowman
43:57 Pikeman
43:58 Man-at-Arms
45:39 Siege Engineers
45:51 Siege Onager
46:48 Elite Jomsviking
46:50 Hamask
47:51 Bodkin Arrow
47:56 Padded Archer Armor
48:03 Scale Barding Armor
48:35 Iron Casting
48:16 Chain Mail Armor
50:47 Siege Onager
Connection lost

Rejoining the realm…

Still unreachable

The connection could not be restored.

Session expired

The server has moved on; the page needs a fresh start.